 Dungeon Crawl Stone Soup version 0.26-a0-61-g6c07f0ee8d (console) character file.

Game seed: 16360553719500441749

84 Morrissey the Firebug (level 4, 0/24 HPs)
             Began as a Tengu Fire Elementalist on June 9, 2020.
             Killed from afar by Sigmund (3 damage)
             ... with a magic dart
             ... on level 2 of the Dungeon.
             The game lasted 00:05:15 (2188 turns).

Morrissey the Firebug (Tengu Fire Elementalist)     Turns: 2188, Time: 00:05:15

Health: 0/24       AC:  2    Str:  9    XL:     4   Next: 46%
Magic:  8/8        EV: 12    Int: 16    God:
Gold:   31         SH:  0    Dex: 14    Spells: 2/7 levels left

rFire    . . .     SeeInvis .     - Unarmed
rCold    . . .     Gourm    .   (no shield)
rNeg     . . .     Faith    .   a - +0 robe
rPois    .         Spirit   .   (helmet restricted)
rElec    .         Reflect  .   (no cloak)
rCorr    .         Harm     .   (no gloves)
MR       .....                  (boots unavailable)
Stlth    ++........             (no amulet)
HPRegen  0.08/turn              (no ring)
MPRegen  0.11/turn              (no ring)

@: mighty, brilliant, very slightly contaminated, invisible
A: beak, talons 3
a: no special abilities


You were on level 2 of the Dungeon.
You were not hungry.

You visited 1 branch of the dungeon, and saw 2 of its levels.

You collected 31 gold pieces.

Inventory:

Missiles
 b - 88 stones (quivered)
Armour
 a - a +0 robe (worn)
Scrolls
 e - 2 scrolls of fog {unknown}
 g - a scroll of enchant weapon {unknown}
 h - 4 scrolls of identify {unknown}
 j - a scroll of magic mapping {unknown}
 k - a scroll of remove curse {unknown}
Potions
 d - a potion of brilliance
 f - a potion of might
Comestibles
 c - a ration
 i - 2 chunks of flesh


   Skills:
 - Level 2.1 Dodging
 - Level 2.0 Stealth
 + Level 1.5 Unarmed Combat
 + Level 2.0 Spellcasting
 * Level 3.6 Conjurations
 * Level 4.4 Fire Magic


You had 2 spell levels left.
You knew the following spells:

 Your Spells              Type           Power        Failure   Level  Hunger
a - Foxfire               Conj/Fire      ###.         4%          1    None
b - Sticky Flame          Conj/Fire      ###.....     36%         4    None

Your spell library contained the following spells:

 Spells                   Type           Power        Failure   Level  Hunger
 Conjure Flame            Conj/Fire      ###.....     12%         3    None
 Inner Flame              Hex/Fire       ##......     26%         3    None
 Fireball                 Conj/Fire      ###.......   73%         5    None


Dungeon Overview and Level Annotations

Branches:
Dungeon (2/15)

Altars:

Annotations:
D:2 Sigmund


Innate Abilities, Weirdness & Mutations

You have a beak for a mouth.
You have claws for feet.


Message History

Some of the chunks of flesh in your inventory have rotted away.
Sigmund gestures at you while chanting.
You are confused.
It was a potion of brilliance.
You feel clever all of a sudden.
It was a potion of might.
You feel very mighty all of a sudden. Sigmund gestures at you while chanting.
The puff of flame hits you!
Ouch! That really hurt!
* * * LOW HITPOINT WARNING * * *
It was a potion of invisibility.
You fade into invisibility!
You feel less confused.
You are very lightly contaminated with residual magic.
Sigmund casts a spell at you. The magic dart hits you!
* * * LOW HITPOINT WARNING * * *
Sigmund points at something and mumbles some strange words.
The magic dart hits you.
You die...

#.##.###..#.......#..###.
#.####..#############..##
#.##..### ###.. #.).######
### ######...########## # #
#............#.# .
#....####......#
..############....#
#....###
..........@.....@.####....#
#############..####.#.###.#
#..# #รท#.## #.# #..#
##.#.# #)# #..###.#.####.##
#.....####.....######
#.....# #...........
#.....####....#######
#.............#


You could see Sigmund.

Vanquished Creatures
  Jessica (D:2)
  2 adders (D:2)
  2 dart slugs
  A giant cockroach (D:1)
  3 goblins
  5 hobgoblins
  5 jackals (D:2)
  5 kobolds
  A quokka (D:2)
  3 ball pythons (D:2)
  5 bats
  A frilled lizard (D:2)
  2 rats (D:1)
36 creatures vanquished.

Vanquished Creatures (others)
  72 foxfires
72 creatures vanquished.

Grand Total: 108 creatures vanquished

Notes
Turn   | Place    | Note
-------+----------+-------------------------------------------
     0 | D:1      | Morrissey the Tengu Fire Elementalist began the quest for
                  | the Orb.
     0 | D:1      | Reached XP level 1. HP: 10/10 MP: 4/4
   317 | D:1      | Reached XP level 2. HP: 14/15 MP: 6/6
  1321 | D:2      | Reached XP level 3. HP: 19/19 MP: 0/7
  1383 | D:2      | Reached skill level 1 in Unarmed Combat
  1460 | D:2      | Reached skill level 4 in Fire Magic
  1631 | D:2      | Noticed Jessica
  1638 | D:2      | Killed Jessica
  1638 | D:2      | Reached XP level 4. HP: 24/24 MP: 4/8
  1858 | D:2      | Learned a level 4 spell: Sticky Flame
  2146 | D:2      | Noticed Sigmund
  2188 | D:2      | Killed from afar by Sigmund

Illustrated notes

Levels and vault maps discovered:
D:1:      roderic_crossed_star, layout_basic, chequers_serial_rivers_micro_d,
          minmay_tree_intersection, minivault_4
D:2:      layout_basic, chequers_serial_rivers_micro_a, grunt_decor_clamped,
          minivault_24, uniq_jessica, uniq_sigmund

Skill      XL: |  1  2  3 |
---------------+----------+-----
Conjurations   | 2 3 |  3.6
Unarmed Combat | 1 |  1.5
Fire Magic     | 4 |  4.4
Dodging        | |  2.1
Stealth        | |  2.0
Spellcasting   | |  2.0

Action                   |  1- 3 |  4- 6 || total
-------------------------+-------+-------++-------
Melee: Unarmed           |    33 |     1 ||    34
       Kick              |     8 |     1 ||     9
       Peck              |     1 |       ||     1
Throw: Stone             |    22 |       ||    22
 Cast: Foxfire           |    45 |    12 ||    57
  Use: Potion            |       |     3 ||     3
 Stab: Sleeping          |       |     1 ||     1
  Eat: Chunk             |     3 |     2 ||     5
Armor: Robe              |    17 |       ||    17
Dodge: Dodged            |    37 |       ||    37

Table legend:
 A = Non-vault XP
 B = Vault XP
 C = Vault XP percentage of total XP
 D = Non-vault monster count
 E = Vault monster count
 F = Vault count percentage of total count
                 A         B        C        D         E       F
            +---------+---------+-------+---------+---------+-------
      Total |      84 |      37 |  30.6 |      35 |       1 |   2.8
            +---------+---------+-------+---------+---------+-------
        D:1 |      27 |       0 |   0.0 |      16 |       0 |   0.0
        D:2 |      57 |      37 |  39.4 |      19 |       1 |   5.0
            +---------+---------+-------+---------+---------+-------
